 Dungeon Sprint DCSS version 0.27-a0-1193-g8631133539 (webtiles) character file.

Game seed: 13333632015661855664

169 rocky1 the Shield-Bearer (level 5, -6/50 HPs)
             Began as a Minotaur Fighter on May 26, 2021.
             Mangled by a deep elf pyromancer
             ... wielding a +2 long sword of holy wrath
              (7 damage)
             ... in the Dungeon (Sprint III: "The Ten Rune Challenge").
             The game lasted 00:01:37 (621 turns).

rocky1 the Shield-Bearer (Minotaur Fighter)          Turns: 621, Time: 00:01:37

Health: -6/50      AC:  8    Str: 22    XL:     5   Next: 25%
Magic:  4/4        EV:  9    Int:  5    God:
Gold:   36         SH: 11    Dex:  9    Spells: 4/4 levels left

rFire    . . .     SeeInvis .   a - +0 long sword
rCold    . . .     Faith    .   c - +0 kite shield
rNeg     . . .     Spirit   .   b - +0 scale mail
rPois    .         Reflect  .   (helmet restricted)
rElec    .         Harm     .   f - +0 cloak
rCorr    .         Rampage  .   (no gloves)
Will     .....     NoTele   +   (no boots)
Stlth    ..........             (no amulet)
HPRegen  0.16/turn              (no ring)
MPRegen  0.09/turn              (no ring)

@: mighty
A: horns 2, retaliatory headbutt
a: no special abilities


You were in the Dungeon.
You visited 1 branch You collected 36 gold pieces.

Inventory:

Hand Weapons
 a - a +0 long sword (weapon)
Armour
 b - a +0 scale mail (worn)
 c - a +0 kite shield (worn)
 f - a +0 cloak (worn)
Scrolls
 g - a scroll of torment {unknown}
 j - a scroll of blinking
 k - 4 scrolls of identify
 l - a scroll of immolation {unknown}
Potions
 e - 2 potions of curing
 h - 2 potions of magic
 m - 2 potions of flight {unknown}
 n - 4 potions of mutation


   Skills:
 + Level 5.9 Fighting
 + Level 7.3 Long Blades
 + Level 6.0 Armour
 + Level 4.0 Dodging
 + Level 7.9 Shields


You had 4 spell levels left.
You didn't know any spells.
Your spell library was empty.

Dungeon Overview and Level Annotations

Branches:
Dungeon (1/1)

Altars:
Elyvilon
Zin
The Shining One


Innate Abilities, Weirdness & Mutations

You have a pair of horns on your head.
You reflexively headbutt those who attack you in melee.


Message History

The deep elf pyromancer casts a spell at you.
The sticky flame hits you.
You are covered in liquid flames!
You barely miss the deep elf pyromancer.
The deep elf pyromancer is severely wounded.
You are covered in liquid flames!
The deep elf pyromancer casts a spell.
You completely miss the deep elf pyromancer.
Your headbutt misses the deep elf pyromancer.
The deep elf pyromancer is severely wounded.
You are covered in liquid flames!
* * * LOW HITPOINT WARNING * * *
You block the fire elemental's attack. x2
The deep elf pyromancer points at you and mumbles some strange words.
The sticky flame hits you.
You are covered in liquid flames!
* * * LOW HITPOINT WARNING * * *
You slash the deep elf pyromancer!
The deep elf pyromancer is almost dead.
You are covered in liquid flames!
* * * LOW HITPOINT WARNING * * *
The fire elemental barely misses you. You furiously retaliate!
You headbutt the fire elemental!
You riposte.
You slash the fire elemental!
The fire elemental is heavily damaged.
The fire elemental closely misses you.
The deep elf pyromancer drinks a potion.
The deep elf pyromancer is healed!
The fire elemental barely misses you. The fire elemental closely misses you.
You riposte.
You slash the fire elemental!
Your headbutt misses the fire elemental.
The fire elemental is heavily damaged.
You miss the deep elf pyromancer.
The deep elf pyromancer is heavily wounded.
You are covered in liquid flames!
* * * LOW HITPOINT WARNING * * *
You are no longer on fire.
The fire elemental hits you. The fire elemental burns you!
* * * LOW HITPOINT WARNING * * *
The deep elf pyromancer hits you with a +2 long sword of holy wrath!
You die...

▓▓▓▓▓ ▓▓▓ #)..####
##.#####
#......#####..#_EE#
#....)..#..#..#e@.#
##.##...#..#..###'#+###+##
##.###..##'#..#..........#
###.##..###...'.⌠........#
#..##..####...#...######+#
...##..###....#.⌠.# ..#
..##...##.....#...# ...#
.##....#......#+### #...#
###..##)#.....# #...+


You could see a deep elf pyromancer and 2 fire elementals.

Vanquished Creatures
  A water elemental (D)
  A jelly (D)
  Crazy Yiuf (D)
  Jessica (D)
  A human (D)
  An endoplasm (D)
  2 rats (D)
8 creatures vanquished.

Notes
Turn   | Place    | Note
-------+----------+-------------------------------------------
     0 | D        | rocky1 the Minotaur Fighter began the quest for the Orb.
     0 | D        | Reached XP level 1. HP: 19/19 MP: 0/0
    28 | D        | Noticed Jessica
    31 | D        | Killed Jessica
    32 | D        | Reached skill level 5 in Long Blades
    32 | D        | Reached XP level 2. HP: 21/26 MP: 1/1
   178 | D        | Reached XP level 3. HP: 31/31 MP: 2/2
   289 | D        | Noticed Crazy Yiuf
   296 | D        | Killed Crazy Yiuf
   297 | D        | Reached skill level 1 in Dodging
   303 | D        | Reached XP level 4. HP: 24/41 MP: 3/3
   446 | D        | Noticed a water elemental
   451 | D        | Killed a water elemental
   452 | D        | Reached skill level 5 in Fighting
   452 | D        | Reached skill level 5 in Armour
   452 | D        | Reached XP level 5. HP: 48/48 MP: 4/4
   613 | D        | Found a glowing silver altar of Zin.
   613 | D        | Found a glowing golden altar of the Shining One.
   613 | D        | Found a white marble altar of Elyvilon.
   613 | D        | Noticed a deep elf pyromancer
   619 | D        | Noticed a fire elemental
   619 | D        | Noticed a fire elemental
   621 | D        | HP: 1/50 [fire elemental[a deep elf pyromancer] (7)]
   621 | D        | Mangled by a deep elf pyromancer

Illustrated notes

Levels and vault maps discovered:
D:        dungeon_sprint_mu [sprint_mu_entry_cave, sprint_mu_temple_rooms,
          sprint_mu_d1_spiders, sprint_mu_d2_genie, sprint_mu_d3_branching,
          sprint_mu_orc_legion, sprint_mu_elf_gauntlet, sprint_mu_hive_nellie,
          sprint_mu_lair_fedhas, sprint_mu_vaults_butterflies,
          sprint_mu_slime_circle, sprint_mu_swamp_cave, sprint_mu_snake_twists,
          sprint_mu_blade_basic, sprint_mu_crypt_lich, sprint_mu_tomb_spiral,
          sprint_mu_vestibule_basic, sprint_mu_gehenna_hellfire,
          sprint_mu_dis_giant, sprint_mu_tartarus_statrot,
          sprint_mu_cocytus_islands, sprint_mu_zot1]

Skill      XL: |  1  2  3  4  5 |
---------------+----------------+-----
Long Blades    | 5 6 7 |  7.3
Shields        | 6 7 |  7.9
Fighting       | 4 5 |  5.9
Armour         | 4 5 6 |  6.0
Dodging        | 2 3 4 |  4.0

Action                   |  1- 3 |  4- 6 || total
-------------------------+-------+-------++-------
Melee: Long sword        |    13 |    12 ||    25
       Headbutt          |     3 |     1 ||     4
  Use: Potion            |     2 |     2 ||     4
Armor: Scale mail        |     1 |     3 ||     4
Dodge: Dodged            |     4 |     4 ||     8
Block: Kite shield       |     1 |     8 ||     9
       Rpst.: Long sword |     3 |     2 ||     5

Table legend: (Time is in decaauts)
 A = Elapsed time spent in this place.
 B = Non-inter-level travel time spent in this place.
 C = Inter-level travel time spent in this place.
 D = Time resting spent in this place.
 E = Time spent auto-exploring this place.
 F = Levels seen in this place.
 G = Mean time per level.
                   A        B        C        D        E       F      G
               +--------+--------+--------+--------+--------+-----+--------+
         Total |    617 |    617 |      0 |    490 |      0 |   1 |  617.0 |
       Dungeon |    617 |    617 |      0 |    490 |      0 |   1 |  617.0 |
               +--------+--------+--------+--------+--------+-----+--------+

Top non-repeatable levels by time:
       D: 617 daAuts
